 Dungeon Crawl Stone Soup version 0.28.0-43-g3370ac3207 (webtiles) character file.

Game seed: 17239453999377611773

99 crimpus the Covered (level 4, -3/38 HPs)
             Began as a Demigod Fighter on Mar 11, 2022.
             Slain by Pikel
             ... wielding a +1 whip of electrocution
              (6 damage)
             ... on level 4 of the Dungeon.
             The game lasted 00:04:01 (2532 turns).

crimpus the Covered (Demigod Fighter)               Turns: 2532, Time: 00:04:01

Health: -3/38      AC:  6    Str: 21    XL:     4   Next: 22%
Magic:  6/6        EV:  9    Int: 10    God:
Gold:   116        SH:  4    Dex: 13    Spells: 3/3 levels left

rFire   . . .      SeeInvis .   a - +0 flail
rCold   . . .      Faith    .   c - +0 buckler
rNeg    . . .      Spirit   .   b - +0 scale mail
rPois   .          Reflect  .   (no helmet)
rElec   .          Harm     .   (no cloak)
rCorr   .          Rampage  .   (no gloves)
Will    .....                   (no boots)
Stlth   ..........              (no amulet)
HPRegen 0.12/turn               (no ring)
MPRegen 0.10/turn               (no ring)

@: no status effects
A: high MP 1, forlorn, divine attributes
a: no special abilities


You were on level 4 of the Dungeon.
You visited 1 branch of the dungeon, and saw 4 of its levels.

You collected 116 gold pieces.

Inventory:

Hand Weapons
 a - a +0 flail (weapon)
Armour
 b - a +0 scale mail (worn)
 c - a +0 buckler (worn)
Jewellery
 l - a +4 ring of protection
Wands
 j - a wand of paralysis (7)
Scrolls
 g - 2 scrolls of identify
 h - 3 scrolls of teleportation
Potions
 k - a potion of cancellation


   Skills:
 + Level 3.0 Fighting
 + Level 2.7 Maces & Flails
 + Level 3.4 Armour
 + Level 0.5 Dodging
 + Level 0.1 Stealth
 + Level 3.2 Shields


You had 3 spell levels left.
You didn't know any spells.
Your spell library was empty.

Dungeon Overview and Level Annotations

Branches:
Dungeon (4/15)
 Temple: D:4-7

Shops:
D:1 (

Annotations:
D:4 Pikel


Innate Abilities, Weirdness & Mutations

You have an increased reservoir of magic. (+10% MP)
You shall have no god before yourself.
Your divine heritage dramatically boosts your attributes as you level up.


Message History

The hound stops to sniff the ground.
You block the hound's attack.
The hound bites you but does no damage. x2
You closely miss the hound.
The hound is heavily wounded.
You block the hound's attack. x2
You closely miss the hound.
The hound is heavily wounded.
The hound bites you. You block the hound's attack.
You closely miss the hound.
The hound is heavily wounded.
The hound bites you but does no damage.
You thump the hound!
You kill the hound!
Pikel says, "Hell isn't that bad."
Your Fighting skill increases to level 3!
You have reached level 4!
Unknown command.
You hit Pikel but do no damage.
Pikel hits you with a +1 whip of electrocution.
You sock Pikel!
Pikel is lightly wounded.
You block Pikel's attack.
Pikel hits you with a +1 whip of electrocution!
You are electrocuted!
* * * LOW HITPOINT WARNING * * *
You closely miss Pikel.
Pikel is lightly wounded.
Pikel barely misses you.
You barely miss Pikel.
Pikel is lightly wounded.
Pikel closely misses you.
You sock Pikel!
Pikel is heavily wounded.
You block Pikel's attack.
Pikel hits you with a +1 whip of electrocution.
* * * LOW HITPOINT WARNING * * *
You barely miss Pikel.
Pikel is heavily wounded.
Pikel hits you with a +1 whip of electrocution.
You die...

.5.......#
.K.......#
.........
...?5....
........##
.........#
#..#
#.#######..#
#....@K555<#
############


You could see Pikel and 3 lemures.

Vanquished Creatures
  A hound (D:4)
  An adder (D:3)
  2 worms
  A dart slug (D:1)
  2 orcs (D:3)
  2 endoplasms
  3 giant cockroaches
  6 goblins
  6 hobgoblins
  2 jackals (D:2)
  A quokka (D:2)
  5 ball pythons
  5 bats
  3 frilled lizards
  4 kobolds
  3 rats
47 creatures vanquished.

Notes
Turn   | Place    | Note
-------+----------+-------------------------------------------
     0 | D:1      | crimpus the Demigod Fighter began the quest for the Orb.
     0 | D:1      | Reached XP level 1. HP: 18/18 MP: 3/3
    23 | D:1      | Found Socvar's Antique Weapon Boutique.
   257 | D:1      | Reached XP level 2. HP: 15/25 MP: 4/4
  1158 | D:2      | Reached XP level 3. HP: 18/30 MP: 5/5
  2512 | D:4      | Noticed a lemure
  2512 | D:4      | Noticed a lemure
  2513 | D:4      | Noticed Pikel
  2513 | D:4      | Noticed a lemure
  2527 | D:4      | Reached XP level 4. HP: 34/38 MP: 6/6
  2532 | D:4      | Slain by Pikel

Illustrated notes

Levels and vault maps discovered:
D:1:      heliophobic_arrival_enchanted_forest, layout_rooms, serial_shops, shop
D:2:      layout_rooms
D:3:      layout_rooms, ebering_ecumenical_altar_hall
D:4:      layout_basic, uniq_blork_the_orc, uniq_pikel

Skill      XL: |  1  2  3 |
---------------+----------+-----
Armour         | 3 |  3.4
Shields        | 3 |  3.2
Maces & Flails | 2 |  2.7
Fighting       | 3 |  3.0
Dodging        | |  0.5
Stealth        | |  0.1

Action                   |  1- 3 |  4- 6 || total
-------------------------+-------+-------++-------
Melee: Flail             |   158 |     6 ||   164
  Use: Scroll            |     4 |       ||     4
       Potion            |     3 |       ||     3
Armor: Scale mail        |    78 |       ||    78
Dodge: Dodged            |    87 |     2 ||    89
Block: Buckler           |    54 |     2 ||    56
